 Dungeon Crawl Stone Soup version 0.18-a0-1312-gf98331d (webtiles) character file.

4169 Reinor the Slicer (level 10, -1/49 HPs)
             Began as a Spriggan Abyssal Knight on Feb 14, 2016.
             Was a High Priest of Lugonu.
             Splashed by a jelly's acid (10 damage)
             ... on level 7 of the Dungeon.
             The game lasted 00:33:32 (10316 turns).

Reinor the Slicer (Spriggan Abyssal Knight)        Turns: 10316, Time: 00:33:32

Health: -1/49      AC:  0    Str:  8    XL:     10   Next: 7%
Magic:  14/14      EV: 23    Int: 17    God:    Lugonu [*****.]
Gold:   398        SH:  0    Dex: 16    Spells: 0 memorised, 9 levels left

rFire  + . .     SeeInvis +     a - +2 short sword
rCold  . . .     Gourm    .     n - +2 robe {rF+}
rNeg   . . .     Faith    .     (shield restricted)
rPois  .         Spirit   .     (helmet restricted)
rElec  .         Dismiss  .     (no cloak)
rCorr  .         Reflect  .     (gloves unavailable)
SustAt .         Harm     .     (boots unavailable)
MR     +....                    (no amulet)
Stlth  +++++.....               (no ring)
                                (no ring)

@: corroded equipment, very quick, somewhat resistant to hostile enchantments,
quite stealthy
A: unfitting armour, see invisible, herbivore 3, speed 3, slow metabolism 2
a: Depart the Abyss, Bend Space, Banish, Corrupt, Enter the Abyss, Renounce
Religion


You were on level 7 of the Dungeon.
You worshipped Lugonu.
Lugonu was extremely pleased with you.
You were very hungry.

You visited 1 branch of the dungeon, and saw 7 of its levels.
You visited the Abyss 1 time.

You collected 442 gold pieces.
You spent 44 gold pieces at shops.

Inventory:

Hand Weapons
 a - a +2 short sword (weapon)
 p - a +0 blowgun
Missiles
 d - a throwing net (quivered)
 e - 2 tomahawks
 l - 25 arrows
 s - 17 poisoned needles
Armour
 n - a +2 robe of fire resistance (worn)
 t - a steam dragon hide
Jewellery
 h - an uncursed ring of fire
Wands
 b - a wand of disintegration (12/24)
 i - a wand of iceblast (8/15)
 m - a wand of flame (31/48)
 u - a wand of flame (29/48)
 v - a wand of random effects (25/48)
Scrolls
 q - 4 scrolls of teleportation
Potions
 f - 5 potions of curing
 j - 2 potions of might
 k - 2 potions of cancellation {unknown}
 o - a potion of ambrosia {unknown}
 r - a potion of resistance
Comestibles
 c - 6 bread rations
 g - 4 fruits


   Skills:
 - Level 4.0 Fighting
 - Level 14.0 Short Blades
 + Level 2.6 Throwing
 - Level 8.0 Dodging
 + Level 10.0 Stealth
 - Level 4.0 Invocations


You had 9 spell levels left.
You didn't know any spells.

Dungeon Overview and Level Annotations

Branches:
Dungeon (7/15)             Temple (0/1) D:7

Altars:
Gozag
Pakellas
Vehumet
Xom

Shops:
D:7 ?

Annotations:
D:5 Potsanchik's ghost, amateur DsAK


Innate Abilities, Weirdness & Mutations

You are tiny and cannot use many weapons and most armour.
You have supernaturally acute eyesight.
You are an herbivore.
You cover ground extremely quickly.
You need consume almost no food.


Message History

s - 16 poisoned needles (gained 1)
The jelly barely misses the freed slave.
You see here a poisoned needle.
s - 17 poisoned needles (gained 1)
The freed slave hits the jelly!
The freed slave is burned by acid!
The jelly misses you.
You hit the jelly.
Your hands burn!
The jelly is heavily wounded.
The jelly hits you but does no damage.
The freed slave hits the jelly.
The freed slave is burned by acid!
You hit the jelly.
Your hands burn!
* * * LOW HITPOINT WARNING * * *
The jelly is heavily wounded.
You barely miss the jelly.
The jelly is heavily wounded.
The jelly hits you.
* * * LOW HITPOINT WARNING * * *
You are splashed with acid!
The acid corrodes you!
The acid burns!
You die...

...# .........#....##..## ...#
.........#...J...... ..(#
.........#.......... ...#
.........#.......... ...#######
.........'..........
.........#### #.###.)###...##(.##
.p.......#..###+###..###...###'#.
.........#.............#.......#.
.....p...#......@J.....#.......#.
.........#...###p####.##########.
...####'####'###'####.##.........
...#.....p.....p...#...#......(..
...#...............#...#.........
...+...............#...#.........
...#...............#...#.........
'###..######..##.#######.........
..##..######..##.#.......########


You could see a jelly and 2 neutral freed slaves.

Vanquished Creatures
  Pikel (D:7)
  Grinder (D:5)
  Prince Ribbit (D:5)
  Sigmund (D:3)
  A hippogriff (D:7)
  A steam dragon (D:7)
  Edmund (D:6)
  Duvessa (D:5)
  A water moccasin (D:6)
  An ice beast (D:7)
  An orc warrior (D:6)
  2 ogres
  A centaur (D:4)
  2 big kobolds
  2 giant frogs
  3 scorpions
  Dowan (D:5)
  5 crimson imps
  2 jellies
  4 giant frog zombies
  5 hounds
  6 orc wizards
  A quasit (D:5)
  5 orc priests
  6 iguanas
  6 worker ants
  2 hound skeletons (D:4)
  3 gnolls (D:3)
  7 adders
  3 shadow imps
  2 oozes
  An adder skeleton (D:7)
  3 worms
  6 giant geckos
  29 orcs
  5 bats
  2 giant cockroaches
  4 goblins (D:1)
  10 hobgoblins
  3 jackals (D:4)
  2 quokkas (D:4)
  2 ball pythons
  4 giant newts
  16 kobolds
  6 rats
172 creatures vanquished.

Vanquished Creatures (others)
  A centaur skeleton (D:3)
  A goblin (D:3)
2 creatures vanquished.

Grand Total: 174 creatures vanquished

Notes
Turn   | Place    | Note
--------------------------------------------------------------
     0 | Abyss:1  | Reinor the Spriggan Abyssal Knight began the quest for the Orb.
     0 | Abyss:1  | Reached XP level 1. HP: 11/11 MP: 3/3
   101 | Abyss:1  | Noticed an apocalypse crab
   106 | Abyss:1  | Noticed a giant orange brain
   116 | Abyss:1  | Noticed a chaos spawn
   275 | Abyss:1  | Noticed a wretched star
   276 | Abyss:1  | Noticed a thrashing horror
   284 | D:1      | Escaped the Abyss
   360 | D:1      | Reached * piety under Lugonu
   482 | D:1      | Reached XP level 2. HP: 10/16 MP: 4/4
   935 | D:1      | Reached skill level 1 in Stealth
  1399 | D:2      | Reached XP level 3. HP: 14/19 MP: 5/5
  1818 | D:2      | Reached ** piety under Lugonu
  2039 | D:2      | Reached XP level 4. HP: 20/23 MP: 6/6
  2689 | D:3      | Noticed Sigmund
  2769 | D:3      | Reached skill level 4 in Short Blades
  3052 | D:3      | Killed Sigmund
  3052 | D:3      | Reached skill level 5 in Short Blades
  3052 | D:3      | Reached skill level 5 in Stealth
  3052 | D:3      | Reached XP level 5. HP: 8/27 MP: 7/7
  3166 | D:3      | Found an opulent altar of Gozag.
  3357 | D:3      | Reached XP level 6. HP: 21/32 MP: 8/8
  3570 | D:3      | Found a radiant altar of Vehumet.
  3830 | D:3      | Reached skill level 6 in Stealth
  3843 | D:3      | Reached skill level 13 in Short Blades
  3843 | D:3      | Reached XP level 7. HP: 35/35 MP: 9/9
  4139 | D:4      | Reached *** piety under Lugonu
  4463 | D:4      | Reached skill level 14 in Short Blades
  5058 | D:4      | Got a transparent long sword
  5059 | D:4      | Identified the cursed +0 long sword of Blood {flame, MP+9} (You found it on level 4 of the Dungeon)
  5341 | D:4      | Reached XP level 8. HP: 31/39 MP: 11/11
  5459 | D:5      | Entered Level 5 of the Dungeon
  5606 | D:5      | Noticed Duvessa
  5606 | D:5      | Noticed Dowan
  5606 | D:5      | Noticed Potsanchik's ghost (amateur DsAK)
  5636 | D:5      | Noticed Grinder
  5774 | D:5      | Noticed Prince Ribbit
  5781 | D:5      | Killed Prince Ribbit
  5873 | D:5      | Found a shimmering altar of Xom.
  6078 | D:5      | Reached **** piety under Lugonu
  6360 | D:5      | Killed Dowan
  6888 | D:5      | Killed Duvessa
  6888 | D:5      | Reached skill level 5 in Dodging
  6943 | D:5      | Killed Grinder
  6943 | D:5      | Reached XP level 9. HP: 44/44 MP: 13/13
  7746 | D:6      | Noticed Edmund
  7752 | D:6      | Killed Edmund
  8029 | D:6      | Found an oddly glowing altar of Pakellas.
  8813 | D:7      | Found Liusiah's Magic Scroll Boutique.
  8816 | D:7      | Bought a scroll of identify for 22 gold pieces
  8816 | D:7      | Bought a scroll of identify for 22 gold pieces
  9061 | D:7      | Found a staircase to the Ecumenical Temple.
  9637 | D:7      | Reached ***** piety under Lugonu
  9658 | D:7      | Reached skill level 1 in Throwing
  9779 | D:7      | Noticed a brown ugly thing
 10182 | D:7      | Noticed Pikel
 10297 | D:7      | Killed Pikel
 10297 | D:7      | Reached skill level 10 in Stealth
 10297 | D:7      | Reached XP level 10. HP: 19/49 MP: 14/14
 10316 | D:7      | Splashed by a jelly's acid

Vault maps used:
D:1:      elethiomel_arrival_quiet
D:3:      fiery_altar_vehumet, first_bread, nicolae_gozag_seed_capital,
          uniq_sigmund
D:5:      xom_teletrap_fun, uniq_grinder, uniq_duvessa, uniq_prince_ribbit1
D:6:      grunt_pakellas_salt, uniq_edmund
D:7:      minmay_temple_entry_junction, serial_shops,
          nicolae_shop_window_shopping, uniq_pikel
Abyss:1:  hangedman_decor_points

Action                   |  1- 3 |  4- 6 |  7- 9 | 10-12 || total
-------------------------+-------+-------+-------+-------++-------
Melee: Short sword       |   134 |    78 |   688 |     3 ||   903
       Long sword        |       |       |     4 |       ||     4
 Fire: Blowgun           |       |       |     5 |       ||     5
Throw: Throwing net      |       |       |     1 |       ||     1
Invok: Depart the Abyss  |     1 |       |       |       ||     1
  Use: Scroll            |     1 |     6 |    10 |       ||    17
       Potion            |     1 |     3 |     4 |       ||     8
 Stab: Sleeping          |     4 |     3 |    25 |       ||    32
       Distracted        |       |     1 |     2 |       ||     3
  Eat: Fruit             |       |       |     1 |       ||     1
       Pizza             |       |       |     1 |       ||     1
       Royal jelly       |       |       |     2 |       ||     2
